 Dungeon Crawl Stone Soup version 0.21.1-1-g345015fe64 (webtiles) character file.

14975 Naru the Carver (level 12, 0/110 HPs)
             Began as a Hill Orc Fighter on June 21, 2018.
             Was a Believer of Beogh.
             Killed from afar by a fire dragon (48 damage)
             ... with a blast of flame
             ... on level 12 of the Dungeon on June 22, 2018.
             The game lasted 00:38:18 (16666 turns).

Naru the Carver (Hill Orc Fighter)                 Turns: 16666, Time: 00:38:19

Health: 0/110      AC: 22    Str: 20    XL:     12   Next: 22%
Magic:  12/12      EV:  8    Int: 11    God:    Beogh [**....]
Gold:   699        SH: 12    Dex: 11    Spells: 11/11 levels left

rFire    . . .     SeeInvis .   C - +1 scimitar
rCold    . . .     Gourm    .   c - +1 shield
rNeg     . . .     Faith    .   I - +0 plate armour
rPois    +         Spirit   .   w - +2 helmet
rElec    .         Reflect  .   x - +0 cloak
rCorr    .         Harm     .   d - +2 pair of gloves
MR       .....                  (no boots)
Stlth    ..........             (no amulet)
HPRegen  0.28/turn              j - +2 ring of evasion
MPRegen  0.13/turn              H - ring of poison resistance

@: very slightly contaminated
A: no striking features
a: Smiting, Renounce Religion


You were on level 12 of the Dungeon.
You worshipped Beogh.
Beogh was pleased with you.
You were not hungry.

You visited 1 branch of the dungeon, and saw 13 of its levels.
You also visited: Ossuary.

You collected 699 gold pieces.

Inventory:

Hand Weapons
 C - a +1 scimitar (weapon)
Missiles
 b - 9 tomahawks
 l - 4 javelins (quivered)
Armour
 c - a +1 shield (worn)
 d - a +2 pair of gloves (worn)
 w - a +2 helmet (worn)
 x - a +0 cloak (worn)
 I - a +0 plate armour (worn)
Jewellery
 j - a +2 ring of evasion (left hand)
 u - an uncursed ring of ice
 E - an uncursed ring of stealth
 H - a ring of poison resistance (right hand)
Wands
 q - a wand of enslavement (1)
 s - a wand of flame (80)
 z - a wand of polymorph (35)
Scrolls
 a - 4 scrolls of enchant weapon
 e - 13 scrolls of identify
 h - 2 scrolls of fear
 k - 2 scrolls of immolation {unknown}
 m - a scroll of blinking
 n - 6 scrolls of remove curse
 y - 7 scrolls of fog
 B - 2 scrolls of magic mapping {unknown}
 D - a scroll of enchant armour
 F - a scroll of teleportation
Potions
 g - 4 potions of flight
 i - 2 potions of heal wounds
 o - 9 potions of curing
 p - 8 potions of degeneration
 r - 2 potions of brilliance
 v - a potion of mutation
 A - a potion of lignification
 G - a potion of cancellation {unknown}
Comestibles
 f - 12 rations


   Skills:
 * Level 11.2 Fighting
 * Level 13.7 Long Blades
 + Level 9.4 Armour
 + Level 3.0 Dodging
 + Level 9.0 Shields
 + Level 0.4 Evocations


You had 11 spell levels left.
You didn't know any spells.

Dungeon Overview and Level Annotations

Branches:
Dungeon (13/15)            Temple (0/1) D:7            Lair (0/6) D:10
    Orc (0/2) D:9
 Vaults: D:13-14

Altars:
Nemelex Xobeh
Vehumet
The Shining One

Shops:
D:10 *

Annotations:
D:3 1 runed door
D:5 Eustachio
D:12 2 runed doors


Message History

Press: ? - help, Shift-Dir - straight line, f - seven-headed hydra
Aim: a seven-headed hydra (lightly wounded, chance to defeat MR: 16%)
The seven-headed hydra resists with almost no effort.
The seven-headed hydra bites you but does no damage.
You block the seven-headed hydra's attack.
The seven-headed hydra bites you but does no damage.
You block the seven-headed hydra's attack.
The seven-headed hydra bites you but does no damage. x3
Evoke which item? (* to show all) (? for menu, Esc to quit)
Aiming: Polymorph
Press: ? - help, Shift-Dir - straight line, f/p - seven-headed hydra
Aim: a seven-headed hydra (lightly wounded, chance to defeat MR: 16%)
The seven-headed hydra evaporates and reforms as a fire dragon!
Blink to where?
Press: ? - help, Dir - move target cursor, p - fire dragon You are very lightly contaminated with residual magic.
As you read the scroll of blinking, it crumbles to dust.
The fire dragon breathes flames at you. The blast of flame hits you!
You die...

..# #........#
..#########........#
..........'........#
..#########........#
..# ##'####### ..#
#...## .## ###..# .#
##.## .# #.@# ##
########'## #####
#.........# ....###
#.........#
....'.###...>D....#
....#..##.........#
....##..'.........#
....#####.........#
....# #.........#


You could see a fire dragon.

Vanquished Creatures
  3 two-headed ogres
  The ghost of Hercules1031 the Blocker, a novice GnFi of Ashenzari (D:8)
  An unseen horror (D:11)
  A manticore (D:11)
  Maurice (D:9)
  Joseph (D:7)
  Psyche (D:9)
  A troll (D:13)
  A hornet (D:12)
  4 hippogriffs
  A wraith (D:11)
  Sigmund (D:5)
  A shadow (D:10)
  15 yaks
  A vampire (D:11)
  2 wyverns (D:10)
  2 hungry ghosts
  Edmund (D:5)
  A water moccasin (D:11)
  8 ice beasts
  4 orc warriors
  3 sky beasts
  A necrophage (D:7)
  2 eyes of draining
  3 ogres
  2 phantoms
  5 centaurs
  A crocodile (D:9)
  3 big kobolds
  4 bullfrogs
  A wyvern skeleton (D:11)
  3 scorpions
  5 killer bees (D:8)
  8 howler monkeys
  5 wights (D:9)
  5 centaur zombies
  2 bullfrog zombies
  10 crimson imps
  A quasit (D:7)
  2 centaur skeletons
  6 orc wizards
  4 hounds
  A bullfrog skeleton (D:10)
  3 orc priests
  4 jellies
  Jessica (D:2)
  2 iguanas
  Ijyb (D:3)
  6 worker ants
  A big kobold zombie (Ossuary)
  4 mummies (Ossuary)
  7 adders
  2 shadow imps
  2 oozes
  2 adder skeletons
  3 worms
  2 dart slugs
  5 leopard geckos
  31 orcs
  5 bats
  6 giant cockroaches
  7 goblins
  10 hobgoblins
  10 jackals
  24 kobolds
  5 quokkas
  6 frilled lizards
  A goblin zombie (Ossuary)
  2 kobold zombies (Ossuary)
  An orc zombie (Ossuary)
  2 quokka zombies (D:6)
  6 rats
290 creatures vanquished.

Vanquished Creatures (others)
  A kobold (D:8)
1 creature vanquished.

Grand Total: 291 creatures vanquished

Notes
Turn   | Place    | Note
-------+----------+-------------------------------------------
     0 | D:1      | Naru the Hill Orc Fighter began the quest for the Orb.
     0 | D:1      | Reached XP level 1. HP: 19/19 MP: 1/1
   141 | D:1      | Reached XP level 2. HP: 27/27 MP: 2/2
   775 | D:2      | Reached XP level 3. HP: 33/33 MP: 3/3
   787 | D:2      | Noticed Jessica
   797 | D:2      | Killed Jessica
   850 | D:2      | Reached XP level 4. HP: 35/41 MP: 4/4
   873 | D:2      | Reached skill level 3 in Long Blades
  1624 | D:3      | Found a sparkling altar of Nemelex Xobeh.
  1627 | D:3      | Noticed Ijyb
  1666 | D:3      | Killed Ijyb
  1666 | D:3      | Reached XP level 5. HP: 25/47 MP: 5/5
  2012 | D:3      | Reached skill level 4 in Long Blades
  2018 | D:3      | Reached skill level 5 in Fighting
  2576 | D:3      | Found a runed door.
  2790 | D:4      | Found a radiant altar of Vehumet.
  3046 | D:4      | Reached XP level 6. HP: 46/56 MP: 6/6
  3705 | D:5      | Entered Level 5 of the Dungeon
  3724 | D:5      | Noticed Sigmund
  3787 | D:5      | Killed Sigmund
  3787 | D:5      | Reached skill level 5 in Long Blades
  3787 | D:5      | Reached skill level 1 in Dodging
  3787 | D:5      | Reached XP level 7. HP: 60/61 MP: 7/7
  3896 | D:5      | Found a glowing golden altar of the Shining One.
  4028 | D:5      | Noticed Edmund
  4046 | D:5      | Killed Edmund
  4046 | D:5      | Reached skill level 6 in Long Blades
  4292 | D:5      | Noticed Eustachio
  4342 | D:4      | Reached skill level 5 in Shields
  4662 | D:5      | Reached XP level 8. HP: 70/70 MP: 8/8
  5165 | D:5      | Reached skill level 5 in Armour
  5189 | D:5      | Reached skill level 7 in Long Blades
  6782 | D:6      | Reached skill level 8 in Long Blades
  7068 | D:7      | Noticed Joseph
  7100 | D:6      | Reached XP level 9. HP: 15/78 MP: 9/9
  7387 | D:7      | Killed Joseph
  7570 | D:7      | Reached skill level 9 in Long Blades
  8083 | D:7      | Found a staircase to the Ecumenical Temple.
  8608 | D:8      | Noticed Hercules1031's ghost (novice GnFi)
  8670 | D:8      | Killed Hercules1031's ghost
  8670 | D:8      | Reached skill level 10 in Long Blades
  8670 | D:8      | Reached XP level 10. HP: 56/88 MP: 10/10
  8936 | D:8      | Found a sand-covered staircase.
  8946 | Ossuary  | Entered an ossuary
  9787 | D:8      | Became a worshipper of Beogh the Brigand
 10151 | D:9      | Noticed Psyche
 10195 | D:9      | Killed Psyche
 10395 | D:9      | Reached skill level 11 in Long Blades
 10864 | D:9      | Noticed Maurice
 11122 | D:9      | Noticed a two-headed ogre
 11143 | D:9      | Killed a two-headed ogre
 11417 | D:9      | Found a staircase to the Orcish Mines.
 11497 | D:9      | Killed Maurice
 11966 | D:10     | Entered Level 10 of the Dungeon
 11966 | D:10     | Found a staircase to the Lair.
 11966 | D:10     | Found Uzus Ut Gyst's Assorted Antiques.
 12039 | D:10     | Reached XP level 11. HP: 92/97 MP: 11/11
 12172 | D:10     | Reached * piety under Beogh
 12285 | D:10     | Reached skill level 12 in Long Blades
 12896 | D:11     | Noticed a two-headed ogre
 13035 | D:10     | Killed a two-headed ogre
 13035 | D:10     | Reached skill level 10 in Fighting
 13646 | D:11     | Noticed a manticore
 14545 | D:11     | Reached ** piety under Beogh
 14899 | D:11     | Reached skill level 13 in Long Blades
 15081 | D:11     | Noticed a two-headed ogre
 15090 | D:11     | Killed a two-headed ogre
 15285 | D:11     | Killed an unseen horror
 15330 | D:11     | Killed a manticore
 15330 | D:11     | Reached XP level 12. HP: 68/108 MP: 12/12
 15955 | D:12     | Paralysed by a hornet for 2 turns
 16198 | D:12     | Found a large runed door.
 16198 | D:12     | Found a large runed door.
 16643 | D:13     | Noticed a five-headed hydra
 16664 | D:12     | Noticed a fire dragon
 16664 | D:12     | a seven-headed hydra changed into a fire dragon
 16666 | D:12     | Killed from afar by a fire dragon

Skill      XL: |  1  2  3  4  5  6  7  8  9 10 11 12 |
---------------+-------------------------------------+-----
Fighting       | 4 5 6 8 9 10 11 | 11.2
Long Blades    | 3 4 5 6 8 10 11 13 | 13.7
Armour         | 4 5 7 8 9 |  9.4
Shields        | 4 5 6 7 8 9 |  9.0
Dodging        | 1 2 3 |  3.0
Evocations     | |  0.4

Action                   |  1- 3 |  4- 6 |  7- 9 | 10-12 || total
-------------------------+-------+-------+-------+-------++-------
Melee: Long sword        |    74 |   291 |   488 |   145 ||   998
       Scimitar          |       |       |       |   694 ||   694
Invok: Convert to Beogh  |       |       |       |     1 ||     1
Evoke: Wand              |       |       |       |     8 ||     8
  Use: Potion            |       |     1 |     4 |     2 ||     7
       Scroll            |       |       |    25 |     6 ||    31
  Eat: Chunk             |       |     4 |     2 |     2 ||     8
       Ration            |       |     2 |     6 |     8 ||    16
Armor: Scale mail        |    36 |    59 |       |       ||    95
       Chain mail        |       |    64 |   248 |   297 ||   609
       Plate armour      |       |       |       |   153 ||   153
Dodge: Dodged            |    26 |    83 |   148 |   198 ||   455
Block: Shield            |    25 |   152 |   315 |   455 ||   947
       Rpst.: Long sword |     7 |    27 |    46 |     9 ||    89
       Scimitar          |       |       |       |    40 ||    40
